 Dungeon Crawl Stone Soup version 0.31.0-1-g2c135a008e (webtiles) character file.

Game seed: 14712709681109763442

2789 qw the Skirmisher (level 10, -1/72 HPs)
             Began as a Djinni Hunter on Jan 24, 2024.
             Was a Believer of Okawaru.
             Killed from afar by a white imp (15 damage)
             ... with a puff of frost
             ... on level 7 of the Dungeon.
             The game lasted 00:00:31 (6711 turns).

qw the Skirmisher (Djinni Hunter)                   Turns: 6711, Time: 00:00:32

Health: -1/72      AC:  8    Str: 14    XL:     10   Next: 1%
Gold:   281        EV: 13    Int: 10    God:    Okawaru [**....] SH:  0 Dex: 20

rFire   + + .        c - +2 orcbow
rCold   x . .        (shield currently unavailable)
rNeg    . . .        f - +0 ring mail
rPois   inf          (no helmet)
rElec   .            (no cloak)
rCorr   .            d - +2 pair of gloves
SInv    .            (boots unavailable)
Will    +....        a - amulet of faith
Stlth   +            (no ring)
HPRegen 0.32/turn    (no ring)
MPRegen 0.00/turn

%: faith, infuse magic (-2 HP)
@: flying
A: sickness immunity, fire resistance 2, cold vulnerability 1, float, innate
caster, HP casting, extra vitality 1, strong 1
a: Renounce Religion, Heroism


You were on level 7 of the Dungeon.
You worshipped Okawaru.
Okawaru was pleased with you.
You visited 1 branch of the dungeon, and saw 7 of its levels.

You collected 281 gold pieces.


Innate Abilities, Weirdness & Mutations

You are immune to sickness and miasma.
You are immune to poison.
Your flesh is very heat resistant. (rF++)
You are vulnerable to cold. (rC-)
You float through the air rather than walking.
You learn spells naturally, not from books.
Your magical power is your life essence.
You have superior vitality. (+4 MHP)
Your muscles are strong. (Str +4, Int/Dex -1)


   Skills:
 - Level 6.0 Fighting
 + Level 8.8 Ranged Weapons
 - Level 2.2 Armour
 - Level 5.0 Dodging
 - Level 0.7 Stealth
 - Level 4.1 Invocations


You knew the following spells:

 Your Spells              Type           Power      Damage    Failure   Level
a - Shock                 Conj/Air       0%         1d3       58%         1
b - Call Imp              Summ           0%         N/A       75%         2
c - Swiftness             Air            0%         N/A       92%         3
d - Fugue of the Fallen   Necr           0%         N/A       92%         3
Your spell library was empty.

Inventory:

Hand Weapons
 c - a +2 orcbow (weapon)
Armour
 d - a +2 pair of gloves (worn)
 f - a +0 ring mail (worn)
Jewellery
 a - an amulet of faith (around neck)
 b - a +6 ring of intelligence
 e - an amulet of the acrobat
Potions
 i - 2 potions of might
 j - 2 potions of curing
 k - a potion of haste
 n - a potion of enlightenment

Dungeon Overview and Level Annotations

Branches:
Dungeon (7/15)             Temple (0/1) D:6

Altars:
Cheibriados
Okawaru

Annotations:
D:2 1 runed translucent door, Crazy Yiuf
D:3 2 transporters
D:7 3 runed translucent doors, qw's ghost, novice GrHu


Message History

The wight hits you with a +1 short sword.
The white imp shouts, "Give up, thou cockered miscreant scavenger!"
The white imp hits you. The white imp freezes you!
You feel a terrible chill!
You shoot an arrow. The arrow barely misses the wight.
The wight completely misses you. The white imp gestures at you.
The puff of frost hits you.
You feel a terrible chill!
The wight hits you with a +1 short sword.
The wight barely misses you.
The white imp hits you but does no damage.
The wight barely misses you.
You shoot an arrow. The arrow completely misses the wight.
The wight hits you with a +1 vampiric long sword.
The wight hits you but does no damage. The white imp gestures at you.
The puff of frost hits you.
You shoot an arrow. The arrow hits the wight.
The wight is heavily damaged.
The wight hits you with a +1 vampiric long sword!
The wight hits you but does no damage. The white imp gestures at you.
The puff of frost misses you.
You shoot an arrow.
The arrow hits the wight but does no damage.
The wight is heavily damaged.
The wight hits you with a +1 vampiric long sword.
The wight hits you but does no damage. The white imp closely misses you.
You shoot an arrow. The arrow hits the wight.
The wight is severely damaged.
The wight misses you. x2
The white imp hits you but does no damage.
You shoot an arrow. The arrow completely misses the wight.
The wight hits you with a +1 vampiric long sword.
The wight closely misses you. The white imp barely misses you.
You shoot an arrow. The arrow barely misses the wight.
The wight hits you with a +1 vampiric long sword.
The wight hits you but does no damage. The white imp gestures at you.
The puff of frost hits you!
You feel a terrible chill!
You die...

# ..\.. +........
. ..... #........
# ...
.....##........
##...
#..............
.....
#..............
.....
#..............
.....
#....$5z.......
....
......z@.......
##.
.######))......
###+#######
#........
'.........#
###.####...
#.........####...#
..
#..............###
. ##............##
##........}..##
.............#


You could see 2 wights and a white imp.

Vanquished Creatures
  2 water moccasins
  2 orc warriors
  2 black bears
  2 ice beasts
  A sky beast (D:7)
  4 ogres
  2 centaurs
  A phantom (D:7)
  A kobold brigand (D:6)
  A bullfrog (D:6)
  2 scorpions
  2 wights (D:7)
  A howler monkey (D:5)
  5 bombardier beetles
  A quasit (D:7)
  A jelly (D:4)
  5 orc priests
  A hound (D:7)
  A sleepcap (D:5)
  Jessica (D:2)
  Terence (D:2)
  3 iguanas
  5 orc wizards
  3 gnolls (D:2)
  9 adders
  5 shadow imps (D:7)
  A white imp (D:7)
  4 ufetubi (D:7)
  A ribbon worm (D:3)
  3 dart slugs
  27 orcs
  7 ball pythons
  10 endoplasms
  5 giant cockroaches
  5 goblins
  13 hobgoblins
  3 jackals
  4 quokkas
  2 bats
  2 frilled lizards
  14 kobolds
  7 rats
172 creatures vanquished.

Notes
Turn   | Place    | Note
-------+----------+-------------------------------------------
     0 | D:1      | qw the Djinni Hunter began the quest for the Orb.
     0 | D:1      | Reached XP level 1. HP: 18/18 MP: 0/0
     0 | D:1      | Noticed a large abomination
     0 | D:1      | Noticed a large abomination
     0 | D:1      | 0 ||| qw: Version: 0.3-a-136-gdd3b4e8
     0 | D:1      | 0 ||| qw: Game counter: 1329
     0 | D:1      | 0 ||| qw: Melee chars always use a shield: true
     0 | D:1      | 0 ||| qw: God list: Okawaru
     0 | D:1      | 0 ||| qw: Allow faded altars: false
     0 | D:1      | 0 ||| qw: Do Orc after clearing Dungeon:15 true
     0 | D:1      | 0 ||| qw: Do second Lair branch before Depths: true
     0 | D:1      | 0 ||| qw: Lair rune preference: random
     0 | D:1      | 0 ||| qw: Goals: Normal
     0 | D:1      | 0 ||| PLANNING D:1-11
     1 | D:1      | Noticed a large abomination
     3 | D:1      | Noticed a large abomination
     5 | D:1      | Noticed a large abomination
     6 | D:1      | Noticed a large abomination
     9 | D:1      | Noticed a large abomination
    11 | D:1      | Noticed a large abomination
    11 | D:1      | Noticed a large abomination
    13 | D:1      | Noticed a large abomination
    15 | D:1      | Noticed a large abomination
    15 | D:1      | Noticed a large abomination
    17 | D:1      | Noticed a large abomination
    17 | D:1      | Noticed a small abomination
    19 | D:1      | Noticed a large abomination
    21 | D:1      | Noticed a large abomination
   105 | D:1      | Reached XP level 2. HP: 23/23 MP: 0/0
   178 | D:1      | Found a faded altar of an unknown god.
   818 | D:1      | 818 ||| UPGRADING to +0 pair of gloves.
   823 | D:1      | 823 ||| UPGRADING to +0 ring mail.
   833 | D:1      | 833 ||| DROPPING +0 leather armour.
   834 | D:1      | 834 ||| READING scroll labelled HAXEIC OMIRPHO.
   838 | D:1      | 838 ||| READING scroll labelled ISOWEG TARO.
   838 | D:1      | 838 ||| ENCHANTING +0 pair of gloves.
   839 | D:1      | 839 ||| DROPPING scroll of butterflies.
   872 | D:2      | Reached skill level 1 in Armour
   872 | D:2      | Reached XP level 3. HP: 28/28 MP: 0/0
   872 | D:2      | Learned a level 1 spell: Shock
   993 | D:2      | Noticed Jessica
   996 | D:2      | Killed Jessica
   997 | D:2      | Reached skill level 4 in Ranged Weapons
   997 | D:2      | Reached XP level 4. HP: 33/33 MP: 0/0
  1131 | D:2      | 1131 ||| SWAPPING to +0 orcbow.
  1132 | D:2      | 1132 ||| DROPPING +0 shortbow.
  1199 | D:2      | Found a runed translucent door.
  1200 | D:2      | Noticed Crazy Yiuf
  1291 | D:2      | Noticed Terence
  1302 | D:2      | HP: 5/34 [Terence/+0 flail of holy wrath (5)]
  1303 | D:2      | Killed Terence
  1304 | D:2      | Reached skill level 3 in Fighting
  1304 | D:2      | Reached XP level 5. HP: 7/40 MP: 0/0
  1304 | D:2      | Learned a level 2 spell: Call Imp
  1575 | D:2      | 1575 ||| FLEEEEING.
  1576 | D:2      | 1576 ||| FLEEEEING.
  1577 | D:2      | 1577 ||| FLEEEEING.
  1578 | D:2      | 1578 ||| FLEEEEING.
  1579 | D:2      | 1579 ||| FLEEEEING.
  1580 | D:2      | 1580 ||| FLEEEEING.
  1583 | D:2      | 1583 ||| FLEEEEING.
  1584 | D:2      | 1584 ||| FLEEEEING.
  1585 | D:2      | 1585 ||| FLEEEEING.
  1586 | D:2      | 1586 ||| FLEEEEING.
  1587 | D:2      | 1587 ||| FLEEEEING.
  1588 | D:2      | 1588 ||| FLEEEEING.
  1589 | D:2      | 1589 ||| FLEEEEING.
  1590 | D:2      | 1590 ||| FLEEEEING.
  1753 | D:2      | HP: 5/40 [gnoll/+0 flail (7)]
  1820 | D:2      | 1820 ||| FLEEEEING.
  1821 | D:2      | 1821 ||| FLEEEEING.
  1822 | D:2      | 1822 ||| FLEEEEING.
  1828 | D:2      | 1828 ||| FLEEEEING.
  1829 | D:2      | 1829 ||| FLEEEEING.
  1830 | D:2      | 1830 ||| FLEEEEING.
  1831 | D:2      | 1831 ||| FLEEEEING.
  1832 | D:2      | 1832 ||| FLEEEEING.
  1833 | D:2      | 1833 ||| FLEEEEING.
  1834 | D:2      | 1834 ||| FLEEEEING.
  1835 | D:2      | 1835 ||| FLEEEEING.
  1836 | D:2      | 1836 ||| FLEEEEING.
  1837 | D:2      | 1837 ||| FLEEEEING.
  1838 | D:2      | 1838 ||| FLEEEEING.
  1839 | D:2      | 1839 ||| FLEEEEING.
  1840 | D:2      | 1840 ||| FLEEEEING.
  1841 | D:2      | 1841 ||| FLEEEEING.
  1842 | D:2      | 1842 ||| FLEEEEING.
  1843 | D:2      | 1843 ||| FLEEEEING.
  1844 | D:2      | 1844 ||| FLEEEEING.
  1845 | D:2      | 1845 ||| FLEEEEING.
  1846 | D:2      | 1846 ||| FLEEEEING.
  1847 | D:2      | 1847 ||| STAIRDANCE
  1886 | D:1      | 1886 ||| UPGRADING to amulet of the acrobat.
  1891 | D:1      | 1891 ||| READING scroll labelled CEXAIM ELLYF.
  1892 | D:1      | 1892 ||| READING scroll labelled EXATAE FODAIT.
  2247 | D:2      | 2247 ||| READING scroll labelled DYLUPE AMAMEMI.
  2248 | D:2      | 2248 ||| DRINKING 2 fizzy grey potions.
  2249 | D:2      | 2249 ||| DROPPING potion of attraction.
  2446 | D:3      | Reached skill level 5 in Ranged Weapons
  2585 | D:3      | Reached XP level 6. HP: 46/46 MP: 0/0
  2632 | D:3      | Found a transporter.
  2677 | D:3      | Found a transporter.
  2765 | D:3      | 2765 ||| READING scroll labelled NUPPYAL SAQE.
  2765 | D:3      | 2765 ||| IDENTIFYING bubbling dark potion
  2766 | D:3      | 2766 ||| DRINKING 2 green potions.
  2767 | D:3      | 2767 ||| DRINKING 3 emerald potions.
  2768 | D:3      | 2768 ||| DROPPING potion of berserk rage.
  2769 | D:3      | 2769 ||| DROPPING potion of brilliance.
  2781 | D:4      | Reached skill level 3 in Dodging
  2953 | D:4      | HP: 11/47 [burnt (1)]
  2960 | D:4      | HP: 9/47 [burnt (1)]
  2965 | D:4      | HP: 5/47 [burnt (2)]
  3259 | D:4      | 3259 ||| FLEEEEING.
  3319 | D:4      | Noticed a black bear
  3333 | D:4      | Killed a black bear
  3334 | D:4      | Reached XP level 7. HP: 15/52 MP: 0/0
  3334 | D:4      | Learned a level 3 spell: Swiftness
  3778 | D:4      | 3778 ||| DRINKING 3 yellow potions.
  3779 | D:4      | 3779 ||| DRINKING 2 potions of curing.
  3779 | D:4      | 3779 ||| (to cure confusion)
  3780 | D:4      | 3780 ||| DRINKING 3 metallic dark potions.
  3781 | D:4      | 3781 ||| DRINKING 2 golden potions.
  3782 | D:4      | 3782 ||| DROPPING 2 potions of ambrosia.
  3798 | D:5      | Entered Level 5 of the Dungeon
  3798 | D:5      | Noticed a water moccasin
  3806 | D:5      | Killed a water moccasin
  3807 | D:5      | Reached skill level 6 in Ranged Weapons
  3831 | D:5      | 3831 ||| READING scroll of enchant armour.
  3831 | D:5      | 3831 ||| ENCHANTING +1 pair of gloves.
  3937 | D:5      | HP: 6/52 [ice beast (9)]
  3943 | D:5      | Reached XP level 8. HP: 9/58 MP: 0/0
  4131 | D:5      | Reached skill level 7 in Ranged Weapons
  4351 | D:5      | Found a snail-covered altar of Cheibriados.
  4489 | D:5      | 4489 ||| READING scroll of identify.
  4489 | D:5      | 4489 ||| IDENTIFYING orange potion
  4490 | D:5      | 4490 ||| READING 2 scrolls labelled AZEVVO MIGI.
  4490 | D:5      | 4490 ||| ENCHANTING +0 orcbow.
  4491 | D:5      | 4491 ||| READING scroll of enchant weapon.
  4491 | D:5      | 4491 ||| ENCHANTING +1 orcbow.
  4492 | D:5      | 4492 ||| READING scroll labelled VAYRRY BOTEGOI.
  4493 | D:5      | 4493 ||| READING 3 scrolls labelled HIETUY ALUPIYG.
  4594 | D:5      | 4594 ||| READING scroll labelled RATAPR RUBO.
  4695 | D:5      | 4695 ||| DRINKING 2 puce potions.
  4696 | D:5      | 4696 ||| DRINKING 2 sedimented ruby potions.
  4697 | D:5      | 4697 ||| DROPPING potion of invisibility.
  4698 | D:5      | 4698 ||| DROPPING potion of degeneration.
  4699 | D:5      | 4699 ||| DROPPING 2 scrolls of silence.
  4974 | D:6      | Found an iron altar of Okawaru.
  4975 | D:6      | 4975 ||| PLANNING OKAWARU WORSHIP
  4975 | D:6      | 4975 ||| UPGRADING to amulet of faith.
  4985 | D:6      | 4985 ||| DRINKING 2 bubbling purple potions.
  4992 | D:6      | Became a worshipper of Warmaster Okawaru
  4993 | D:6      | 4993 ||| PLANNING D:1-11
  5004 | D:6      | Reached XP level 9. HP: 62/65 MP: 0/0
  5004 | D:6      | Learned a level 3 spell: Fugue of the Fallen
  5032 | D:6      | Found a staircase to the Ecumenical Temple.
  5108 | D:6      | HP: 8/65 [ogre/+0 giant spiked club (15)]
  5109 | D:6      | 5109 ||| DRINKING potion of heal wounds.
  5112 | D:6      | Reached skill level 8 in Ranged Weapons
  5431 | D:6      | Reached * piety under Okawaru
  5583 | D:6      | Reached skill level 1 in Invocations
  5840 | D:6      | 5840 ||| READING 3 scrolls of identify.
  5840 | D:6      | 5840 ||| IDENTIFYING clear potion
  5841 | D:6      | 5841 ||| READING 2 scrolls of identify.
  5841 | D:6      | 5841 ||| IDENTIFYING metallic emerald potion
  5842 | D:6      | 5842 ||| READING scroll of identify.
  5842 | D:6      | 5842 ||| IDENTIFYING lumpy emerald potion
  5843 | D:6      | 5843 ||| DRINKING potion of mutation.
  5843 | D:6      | Gained mutation: Your muscles are strong. (Str +4, Int/Dex
                  | -1) [potion of mutation]
  5844 | D:6      | 5844 ||| DROPPING potion of magic.
  5845 | D:6      | 5845 ||| DROPPING potion of lignification.
  5880 | D:7      | Noticed qw's ghost (novice GrHu)
  5880 | D:7      | Found a runed translucent gate.
  5880 | D:7      | Found a runed translucent gate.
  5880 | D:7      | Found a runed translucent gate.
  5913 | D:7      | 5913 ||| INVOKING Heroism.
  5916 | D:7      | Reached skill level 6 in Fighting
  6031 | D:7      | Reached skill level 3 in Invocations
  6153 | D:7      | Reached ** piety under Okawaru
  6358 | D:7      | 6358 ||| FLEEEEING.
  6519 | D:7      | HP: 15/66 [wight/+0 long sword (5)]
  6528 | D:7      | Reached XP level 10. HP: 19/72 MP: 0/0
  6710 | D:7      | HP: 16/72 [wight/+1 vampiric long sword (4)]
  6711 | D:7      | Killed from afar by a white imp

Levels and vault maps discovered:
D:1:      shiori_arrival_whats_in_store_for_you, layout_loops_corners,
          hellmonk_ecumenical_altar_zigzags, serial_bayou_crossing
D:2:      minmay_razor_zed, layout_basic, minmay_door_square, uniq_jessica,
          uniq_terence, uniq_crazy_yiuf_cottage
D:3:      gammafunk_steamed_eel, layout_basic
D:4:      layout_loops_ring
D:5:      layout_rooms, kennysheep_little_box
D:6:      layout_basic, mainiacjoe_overflow_paths, minmay_temple_entry_mist
D:7:      layout_gridville, ebering_ghost_rock_garden, serial_demonic,
          serial_demonic_d, serial_demonic_d, serial_demonic_d,
          serial_demonic_f, hangedman_abyss_or_decor_passed,
          dilly_guarded_unrand_throatcut

Skill      XL: |  1  2  3  4  5  6  7  8  9 |
---------------+----------------------------+-----
Armour         | 1 2 |  2.2
Ranged Weapons | 4 5 6 7 8 |  8.8
Fighting       | 3 4 5 6 |  6.0
Dodging        | 3 4 5 |  5.0
Invocations    | 4 |  4.1
Stealth        | |  0.7

Action                     |  1- 3 |  4- 6 |  7- 9 | 10-12 || total
---------------------------+-------+-------+-------+-------++-------
   Fire: Shortbow          |    45 |    14 |       |       ||    59
         Orcbow            |       |   200 |   355 |    18 ||   573
 Invoke: Heroism           |       |       |     1 |       ||     1
    Use: Scroll            |     2 |     4 |    10 |       ||    16
         Potion            |       |     3 |     9 |       ||    12
 Armour: Leather armour    |     2 |       |       |       ||     2
         Ring mail         |     4 |   103 |   138 |    22 ||   267
  Dodge: Dodged            |    10 |    71 |   147 |    11 ||   239

Table legend:
 A = Non-vault XP
 B = Vault XP
 C = Vault XP percentage of total XP
 D = Non-vault monster count
 E = Vault monster count
 F = Vault count percentage of total count
                 A         B        C        D         E       F
            +---------+---------+-------+---------+---------+-------
      Total |    3753 |     232 |   5.8 |     149 |      23 |  13.4
            +---------+---------+-------+---------+---------+-------
        D:1 |      25 |       0 |   0.0 |      12 |       0 |   0.0
        D:2 |     116 |     100 |  46.3 |      26 |      13 |  33.3
        D:3 |      53 |       0 |   0.0 |      19 |       0 |   0.0
        D:4 |     404 |       0 |   0.0 |      19 |       0 |   0.0
        D:5 |     946 |       0 |   0.0 |      15 |       0 |   0.0
        D:6 |    1033 |       0 |   0.0 |      36 |       0 |   0.0
        D:7 |    1176 |     132 |  10.1 |      22 |      10 |  31.2
            +---------+---------+-------+---------+---------+-------
